Map: Odyssey LE

Players

Harstem - Winner!

  • Race: Protoss Protoss
  • League: Master
  • Spawn Location: 5:00

SortOf

  • Race: Zerg Zerg
  • League: Master
  • Spawn Location: 11:00

Event: HomeStory Cup XV

VOD

Have the link to the VOD?

Description

Time

  • Played on: July 22, 2017, 11:52 a.m.
  • Length: 9:41

All games in this series

Show
View Real Time Build Order
Export as new Build Order

Harstem Protoss - Winner!

Build Orders: 1 Gate Expand, Zealot Archon, Dark Templar Rush 

Get SALT Encoding   

  12  0:00  Probe (Chrono Boost)  
  13  0:11  Probe (Chrono Boost)  
  14  0:19  Pylon  
  14  0:22  Probe (Chrono Boost)  
  15  0:37  Probe (Chrono Boost)  
  15  0:42  Gateway  
  16  0:47  Probe (Chrono Boost)  
  16  0:48  Assimilator  
  17  0:58  Probe (Chrono Boost)  
  18  1:08  Probe (Chrono Boost)  
  19  1:19  Probe (Chrono Boost)  
  20  1:26  Nexus  
  20  1:33  Cybernetics Core  
  20  1:35  Probe (Chrono Boost)  
  21  1:43  Assimilator  
  21  1:45  Probe (Chrono Boost)  
  22  1:50  Pylon  
  22  1:56  Probe (Chrono Boost)  
  23  2:08  Probe (Chrono Boost)  
  23  2:10  Adept (Chrono Boost)  
  23  2:11  Warp Gate  
  26  2:16  Twilight Council  
  26  2:20  Probe (Chrono Boost)  
  27  2:32  Probe (Chrono Boost)  
  28  2:38  Probe (Chrono Boost), Robotics Facility  
  28  2:42  Probe (Chrono Boost)  
  30  2:49  Probe (Chrono Boost)  
  31  2:53  Probe (Chrono Boost)  
  32  2:59  Probe (Chrono Boost)  
  32  3:02  Dark Shrine  
  32  3:03  Probe (Chrono Boost)  
  34  3:10  Probe (Chrono Boost)  
  35  3:13  Gateway  
  35  3:15  Probe (Chrono Boost)  
  36  3:23  Warp Prism (Chrono Boost)  
  36  3:25  Pylon, Probe (Chrono Boost)  
  37  3:28  Probe (Chrono Boost)  
  40  3:37  Mothership Core (Chrono Boost)  
  43  3:42  Probe (Chrono Boost), Assimilator  
  43  3:44  Charge  
  43  3:50  Pylon  
  43  3:54  Probe (Chrono Boost)  
  43  3:55  Probe (Chrono Boost)  
  45  3:56  Gateway  
  45  3:59  Gateway  
  45  4:05  Probe (Chrono Boost)  
  45  4:06  Probe (Chrono Boost)  
  47  4:15  Probe (Chrono Boost)  
  47  4:16  Probe (Chrono Boost)  
  49  4:20  Dark Templar x2  
  53  4:26  Probe (Chrono Boost)  
  53  4:27  Probe (Chrono Boost)  
  53  4:29  Pylon  
  55  4:37  Nexus  
  55  4:41  Probe (Chrono Boost)  
  57  4:48  Pylon  
  57  4:49  Assimilator  
  58  4:53  Zealot, Dark Templar x2  
  58  4:55  Archon  
  58  4:57  Zealot  
  58  4:58  Archon  
  58  4:59  Probe (Chrono Boost)  
  66  5:00  Probe (Chrono Boost)  
  66  5:10  Probe x2 (Chrono Boost)  
  68  5:20  Probe (Chrono Boost)  
  69  5:22  Probe (Chrono Boost)  
  69  5:25  Zealot x4  
  78  5:29  Pylon  
  78  5:31  Forge  
  78  5:47  Probe x2 (Chrono Boost)  
  78  5:48  Zealot x3  
  84  5:51  Zealot  
  84  5:58  Probe x2 (Chrono Boost)  
  82  6:04  Probe (Chrono Boost)  
  82  6:08  Zealot x2, Dark Templar  
  89  6:12  Probe (Chrono Boost)  
  89  6:14  Probe x2 (Chrono Boost)  
  89  6:16  Immortal (Chrono Boost), Protoss Ground Weapons Level 1  
  88  6:21  Dark Templar  
  88  6:24  Probe x2  
  87  6:25  Probe  
  87  6:31  Sentry, Stalker  
  93  6:35  Probe  
  93  6:36  Probe  
  95  6:44  Sentry  
  95  6:48  Blink (Chrono Boost), Gateway  
  95  6:49  Gateway  
  95  6:53  Gateway  
  87  7:02  Zealot x3  
  87  7:03  Immortal (Chrono Boost)  
  98  7:09  Pylon  
  98  7:11  Photon Cannon  
  98  7:15  Pylon, Probe  
  98  7:16  Photon Cannon  
  98  7:17  Pylon x2  
  98  7:20  Pylon  
  98  7:23  Probe  
  98  7:25  Probe  
  100  7:30  Gateway  
  100  7:32  Gateway  
  100  7:34  Sentry  
  100  7:35  Pylon, Stalker x2  
  106  7:41  Photon Cannon  
  106  7:43  Immortal (Chrono Boost)  
  106  7:44  Assimilator  
  110  7:45  Zealot x2  
  110  7:47  Assimilator  
  114  7:53  Zealot  
  114  7:55  Probe  
  115  8:08  Stalker x4  
  115  8:09  Sentry  
  125  8:16  Immortal (Chrono Boost)  
  125  8:17  Stalker  
  125  8:18  Probe (Chrono Boost)  
  125  8:19  Probe (Chrono Boost)  
  118  8:20  Probe (Chrono Boost)  
  118  8:21  Photon Cannon  
  119  8:29  Probe (Chrono Boost)  
  119  8:30  Probe (Chrono Boost)  
  121  8:35  Pylon  
  121  8:37  Sentry x3  
  121  8:38  Stalker x2  
  131  8:43  Pylon  
  131  8:44  Sentry  
  133  8:48  Stalker  
  133  8:49  Stalker  
  131  9:00  Stalker x3  
  131  9:06  Stalker x3  
  129  9:13  Zealot x2  
  127  9:17  Zealot  
Show
View Real Time Build Order
Export as new Build Order

SortOf Zerg 

Build Orders: Hatch First 

Get SALT Encoding   

  12  0:00  Drone  
  13  0:12  Overlord  
  13  0:16  Drone  
  14  0:31  Drone x2  
  17  0:35  Drone  
  17  0:54  Hatchery  
  16  0:58  Drone  
  16  1:01  Drone  
  18  1:12  Extractor  
  18  1:16  Spawning Pool  
  16  1:19  Drone  
  16  1:22  Drone  
  18  1:28  Drone  
  19  1:42  Overlord  
  20  1:54  Drone  
  20  2:03  Queen  
  20  2:04  Zergling x2  
  20  2:06  Queen  
  20  2:07  Zergling x2  
  26  2:11  Drone  
  26  2:14  Metabolic Boost  
  27  2:17  Drone  
  29  2:22  Drone  
  29  2:28  Drone  
  30  2:33  Drone  
  31  2:42  Hatchery  
  30  2:44  Drone  
  30  2:48  Overlord  
  30  2:50  Drone  
  32  2:57  Drone  
  33  3:01  Pneumatized Carapace  
  33  3:03  Drone  
  34  3:06  Drone  
  34  3:11  Drone  
  36  3:15  Drone x3  
  36  3:16  Zergling x4  
  41  3:20  Drone  
  41  3:26  Overlord  
  42  3:28  Drone  
  42  3:31  Extractor, Queen  
  45  3:35  Overlord  
  45  3:40  Spore Crawler  
  45  3:41  Spore Crawler, Drone  
  43  3:47  Drone x3  
  43  3:48  Drone  
  48  3:51  Drone  
  49  3:56  Drone  
  49  3:59  Lair  
  49  4:01  Extractor  
  49  4:05  Roach Warren, Zergling x2  
  49  4:06  Zergling x4  
  51  4:10  Drone  
  51  4:13  Spore Crawler  
  51  4:15  Zergling x2  
  52  4:20  Queen  
  52  4:21  Queen  
  56  4:26  Overlord  
  56  4:28  Drone  
  56  4:29  Drone  
  58  4:33  Drone x3  
  58  4:35  Drone  
  62  4:40  Drone x3  
  62  4:45  Drone x2  
  66  4:50  Drone x2  
  66  4:51  Roach  
  66  4:52  Roach  
  72  4:54  Overlord  
  72  4:59  Overlord  
  72  5:07  Overlord  
  72  5:10  Glial Reconstitution  
  72  5:12  Queen  
  72  5:14  Roach x2  
  78  5:15  Evolution Chamber, Drone  
  78  5:16  Baneling Nest, Drone  
  78  5:23  Drone x2  
  78  5:24  Overlord  
  78  5:26  Overlord  
  80  5:30  Roach x3  
  80  5:32  Overlord  
  86  5:37  Roach x2  
  86  5:40  Roach x2  
  87  5:49  Roach x2  
  89  5:54  Roach  
  89  5:55  Zergling x4  
  88  5:58  Roach  
  88  6:02  Roach  
  87  6:06  Overlord  
  85  6:15  Zergling x4  
  79  6:19  Extractor  
  79  6:22  Overseer  
  75  6:26  Zergling x4, Roach  
  71  6:33  Roach x2  
  71  6:35  Drone  
  71  6:36  Drone x5  
  81  6:42  Hatchery  
  80  6:53  Roach x2  
  83  6:57  Hatchery  
  83  6:59  Roach x2  
  81  7:09  Drone x3  
  81  7:11  Drone  
  81  7:13  Drone  
  81  7:14  Drone x2  
  88  7:16  Extractor  
  88  7:21  Spire, Drone  
  88  7:22  Drone  
  88  7:26  Hatchery  
  88  7:28  Queen  
  88  7:29  Queen  
  89  7:36  Baneling x4  
  91  7:39  Zergling x12  
  91  7:42  Drone x2  
  91  7:43  Drone  
  100  7:51  Overlord  
  100  7:52  Drone  
  100  7:54  Drone  
  100  7:56  Drone  
  103  8:05  Drone x2  
  105  8:09  Centrifical Hooks  
  105  8:10  Overseer  
  106  8:12  Zergling x2  
  106  8:13  Zergling x4, Roach x2  
  106  8:18  Roach x3  
  116  8:24  Ravager  
  117  8:27  Extractor x2  
  117  8:30  Drone x7  
  122  8:37  Baneling x6  
  122  8:39  Zergling x12  
  128  8:43  Zergling x6  
  128  8:47  Zergling x6  
  134  8:48  Baneling x3  
  129  8:57  Zergling x6  
  129  8:58  Zergling x10  
  129  8:59  Ravager  
  129  9:00  Ravager  
  133  9:04  Zergling x4  
  133  9:07  Zergling x2  
  123  9:11  Roach x4  
  104  9:20  Roach x3  
Tags
 
Add a new tag
Caveats
  • Supply blocks, unpowered buildings, or Contaminate may cause inaccurate times.
  • Supply counts are checked every 10 seconds.